 Dungeon Crawl Stone Soup version 0.31-a0-640-g39d97e502b (webtiles) character file.

Game seed: 17397295084025265189

1453 Revguard the Changeling (level 8, -2/67 HPs)
             Began as a Purple Draconian Shapeshifter on Aug 28, 2023.
             Was an Initiate of Jiyva.
             Slain by an ogre
             ... wielding a +0 giant club
              (21 damage)
             ... on level 6 of the Dungeon.
             The game lasted 00:13:44 (5650 turns).

Revguard the Changeling (DrSh)                      Turns: 5650, Time: 00:13:44

Health: -2/67      AC:  6    Str: 16    XL:     8   Next: 47%
Magic:  11/11      EV: 13    Int: 11    God:    Jiyva [......]
Gold:   293        SH:  0    Dex: 13    Spells: 7/7 levels left

rFire   . .          .
                       - Unarmed
rCold   . . .        (shield currently unavailable)
rNeg    + . .        (body armour unavailable)
rPois   .            (helmet restricted)
rElec   .            (no cloak)
rCorr   .            (no gloves)
SInv    .            (no boots)
Will    ++...        g - amulet of magic regeneration
Stlth   +            i - ring of willpower
HPRegen 0.31/turn    o - ring of positive energy
MPRegen 0.52/turn

%: no passive effects
@: flux-form, glowing, studying Shapeshifting
A: glow, contaminating, breathe power, AC +6, unfitting armour, cold-blooded
a: Breathe Dispelling Energy, Begin Untransformation, Renounce Religion


You were on level 6 of the Dungeon.
You worshipped Jiyva.
Jiyva was noncommittal.
You were something dangerously unstable.
You visited 2 branches of the dungeon, and saw 7 of its levels.
You also visited: Ossuary.

You collected 293 gold pieces.

Inventory:

Jewellery
 g - an amulet of magic regeneration (around neck)
 i - a ring of willpower (left hand)
 o - a ring of positive energy (right hand)
Talismans
 b - a beast talisman
 c - a flux talisman (active)
Wands
 l - a wand of flame (28)
Scrolls
 d - 2 scrolls of teleportation
 e - 3 scrolls of identify
 f - 2 scrolls of torment
 k - a scroll of brand weapon
 m - 4 scrolls of noise {unknown}
 n - a scroll of silence
 p - 2 scrolls of enchant armour
Potions
 a - a potion of lignification
 h - 4 potions of curing
 j - 2 potions of attraction


   Skills:
 + Level 4.5 Fighting
 + Level 4.1 Dodging
 + Level 4.9 Unarmed Combat
 + Level 4.0 Invocations
 + Level 4.1 Evocations
 * Level 7.3 Shapeshifting


You had 7 spell levels left.
You didn't know any spells.
Your spell library contained the following spells:

 Spells                   Type           Power      Damage    Failure   Level
 Blink                    Tloc           0%         N/A       47%         2
 Lesser Beckoning         Tloc           0%         N/A       47%         2
 Momentum Strike          Conj/Tloc      0%         3d8       47%         2
 Olgreb's Toxic Radiance  Pois           0%         N/A       98%         4
 Discord                  Hex            0%         N/A       100%        8
 Ignition                 Fire           0%         3d3       100%        8


Dungeon Overview and Level Annotations

Branches:
Dungeon (6/15)             Temple (1/1) D:5         Ossuary (visited)

Altars:
Cheibriados
Elyvilon
Gozag
Nemelex Xobeh
Ru
Sif Muna
Trog
Uskayaw
Vehumet
Yredelemnul
Zin
The Shining One
Jiyva


Innate Abilities, Weirdness & Mutations

You are something dangerously unstable.
You glow with magical radiation, making you easy to see and hit.
Foes you strike become dangerously contaminated with magical radiation.
You are incapable of wielding weapons or throwing items.
You can breathe bolts of dispelling energy.
Your rich purple scales are hard. (AC +6)
You cannot fit into any form of body armour.
You are cold-blooded and may be slowed by cold attacks.


Message History

The bullfrog hits you. The hound bites you but does no damage.
The bullfrog hits you.
You hit the bullfrog.
The bullfrog glows dangerously bright.
The bullfrog is moderately wounded.
The hound closely misses you. The bullfrog hits you.
The hound bites you but does no damage.
You barely miss the bullfrog. You tail-slap the bullfrog.
The bullfrog is heavily wounded.
The bullfrog closely misses you. The hound closely misses you.
You barely miss the bullfrog. You tail-slap the bullfrog.
The bullfrog is severely wounded.
The bullfrog misses you. The hound bites you. The bullfrog misses you.
You hit the bullfrog.
The bullfrog shudders as magic cascades through it.
The bullfrog twists and deforms.
The bullfrog is almost dead.
The hound bites you but does no damage.
The bullfrog hits you but does no damage.
The hound misses you.
You closely miss the bullfrog.
The bullfrog is almost dead.
The bullfrog hits you. The hound misses you.
You miss the bullfrog.
You tail-slap the bullfrog, but do no damage.
The bullfrog is almost dead.
The bullfrog closely misses you. The hound barely misses you.
The bullfrog misses you.
You hit the ogre but do no damage.
The ogre begins to glow.
The hound bites you but does no damage. The bullfrog barely misses you.
The ogre hits you with a +0 giant club!!
The hound bites you.
You hit the bullfrog.
You kill the bullfrog!
The hound bites you.
* * * LOW HITPOINT WARNING * * *
You hit the ogre.
The ogre glows dangerously bright.
The ogre is lightly wounded.
The hound misses you.
The ogre hits you with a +0 giant club!!
You die...

........ .#
......#
####.# #....#
.....#
#....##.....#
#...........#
#...........#
#.....<.....#
#...?##.....#
#hB..# .....#
......†O..#
.....#
..........#
.....#
..........#
.....#
..........+
.....#
.....)....#
.....#
###########


You could see an ogre (heavy contam) and a hound.

Vanquished Creatures
  An ice beast (D:4)
  2 ogres (D:5)
  2 bullfrogs
  An elf zombie (Ossuary)
  2 scorpions (D:5)
  A howler monkey (D:5)
  A human zombie (Ossuary)
  4 centaur zombies (Ossuary)
  A hound (D:5)
  A jelly (D:4)
  An orc priest (D:3)
  A sleepcap (D:4)
  7 iguanas
  4 orc wizards
  2 mummies (Ossuary)
  3 gnolls (D:4)
  10 adders
  The ghost of Descartes the Sneak, a weakling FeDe (D:4)
  12 orcs
  7 endoplasms
  9 giant cockroaches
  5 hobgoblins
  4 jackals (D:1)
  8 kobolds
  A quokka (D:2)
  5 ball pythons
  10 bats
  7 frilled lizards
  7 goblins
  2 goblin zombies (Ossuary)
  7 hobgoblin zombies (Ossuary)
  11 kobold zombies (Ossuary)
  7 orc zombies (Ossuary)
  7 rats
  4 rat zombies (Ossuary)
158 creatures vanquished.

Notes
Turn   | Place    | Note
-------+----------+-------------------------------------------
     0 | D:1      | Revguard the Draconian Shapeshifter began the quest for the
                  | Orb.
     0 | D:1      | Reached XP level 1. HP: 16/16 MP: 1/1
   139 | D:1      | Reached XP level 2. HP: 23/23 MP: 2/2
   330 | D:1      | Reached XP level 3. HP: 21/28 MP: 3/3
   579 | D:1      | Found a faded altar of an unknown god.
   846 | D:2      | Reached skill level 1 in Invocations
   846 | D:2      | Reached skill level 1 in Evocations
   910 | D:2      | Reached XP level 4. HP: 24/36 MP: 4/4
   980 | D:2      | Identified the +3 mace "Efaell" {heavy, rC- rN+ Str+2
                  | Int+4}
  1512 | D:3      | Found an opulent altar of Gozag.
  1677 | D:3      | Reached XP level 5. HP: 33/41 MP: 6/6
  1784 | D:3      | Found a sacrificial altar of Ru.
  1965 | D:3      | Became a worshipper of Ru the Awakened
  2379 | D:4      | Identified a scroll of acquirement
  2379 | D:4      | Acquired a manual of Shapeshifting
  2408 | D:4      | Reached skill level 4 in Shapeshifting
  2411 | D:4      | Found a sand-covered staircase.
  2527 | Ossuary  | Entered an ossuary
  2645 | Ossuary  | Reached XP level 6. HP: 31/50 MP: 7/7
  2886 | Ossuary  | Reached skill level 5 in Shapeshifting
  3243 | D:4      | Your scales start taking on a rich purple colour.
  3243 | D:4      | Reached XP level 7. HP: 53/57 MP: 9/9
  3673 | D:4      | Found a runed translucent door.
  3673 | D:4      | Noticed Descartes's ghost (weakling FeDe)
  3710 | D:4      | Killed Descartes's ghost
  3740 | D:4      | Found a runed translucent door.
  4018 | D:4      | Reached skill level 6 in Shapeshifting
  4238 | D:5      | Entered Level 5 of the Dungeon
  4448 | D:5      | Reached XP level 8. HP: 25/66 MP: 10/10
  5059 | D:5      | Found a staircase to the Ecumenical Temple.
  5066 | Temple   | Entered the Ecumenical Temple
  5076 | Temple   | Fell from the grace of Ru
  5076 | Temple   | Became a worshipper of Jiyva Judodof the Shapeless
  5098 | D:5      | Reached skill level 7 in Shapeshifting
  5373 | D:5      | Found a white marble altar of Elyvilon.
  5650 | D:6      | Slain by an ogre

Illustrated notes

Levels and vault maps discovered:
D:1:      scummos_arrival_checkerplants, layout_basic,
          dilly_ecumenical_altar_fadedgnrine, moated_statue
D:2:      layout_basic
D:3:      layout_basic, hangedman_ru_absence, grunt_gozag_statues, tgw_xom
D:4:      minmay_opposing_rooms, layout_loops_cross,
          nicolae_ossuary_entry_ruins, ebering_ghost_sewer_f
D:5:      layout_cave_pods, elyvilon_altar_4, minmay_temple_entry_gardened_gates
D:6:      layout_gridville, grunt_qazlal_clouds, nicolae_overflow_hidden_temple,
          serial_shops, shop
Temple:   pf_slimified_temple

Skill      XL: |  1  2  3  4  5  6  7  8 |
---------------+-------------------------+-----
Dodging        | 2 3 4 |  4.1
Invocations    | 1 2 3 4 |  4.0
Evocations     | 1 2 3 4 |  4.1
Fighting       | 2 3 4 |  4.5
Shapeshifting  | 4 5 6 7 |  7.3
Unarmed Combat | 4 |  4.9

Action                     |  1- 3 |  4- 6 |  7- 9 || total
---------------------------+-------+-------+-------++-------
  Melee: Unarmed           |   115 |   258 |   181 ||   554
         Punch             |     2 |    10 |     6 ||    18
         Tailslap          |     9 |    38 |    24 ||    71
 Invoke: Reject Sacrifices |       |       |     1 ||     1
    Use: Scroll            |       |     8 |       ||     8
         Potion            |       |     5 |     3 ||     8
   Stab: Sleeping          |     1 |       |       ||     1
 Armour: Skin              |    53 |    73 |    66 ||   192
  Dodge: Dodged            |   122 |   116 |   126 ||   364
   Form: Flux              |       |       |     1 ||     1

Table legend: (Time is in decaauts)
 A = Elapsed time spent in this place.
 B = Non-inter-level travel time spent in this place.
 C = Inter-level travel time spent in this place.
 D = Time resting spent in this place.
 E = Time spent auto-exploring this place.
 F = Levels seen in this place.
 G = Mean time per level.
                   A        B        C        D        E       F      G
               +--------+--------+--------+--------+--------+-----+--------+
         Total |   5625 |   5413 |    212 |    315 |   3668 |   8 |  703.1 |
       Dungeon |   5171 |   4959 |    212 |    315 |   3492 |   6 |  861.8 |
        Temple |     14 |     14 |      0 |      0 |      0 |   1 |   14.0 |
       Ossuary |    439 |    439 |      0 |      0 |    176 |   1 |  439.0 |
               +--------+--------+--------+--------+--------+-----+--------+

Top non-repeatable levels by time:
     D:4: 1412 daAuts
     D:5: 1376 daAuts
     D:3: 1047 daAuts
     D:1: 776 daAuts
     D:2: 544 daAuts
 Ossuary: 439 daAuts
  Temple: 14 daAuts
     D:6: 13 daAuts
